 Dungeon Crawl Stone Soup version 0.31-a0-667-g39726597b9 (webtiles) character file.

Game seed: 16975262906571342092

357 jlumianski the Chopper (level 6, -11/53 HPs)
             Began as a Gnoll Cinder Acolyte on Sept 3, 2023.
             Was a High Priest of Ignis.
             Mangled by an orc warrior
             ... wielding a +2 heavy scimitar
              (26 damage)
             ... on level 3 of the Dungeon.
             The game lasted 00:11:34 (2708 turns).

jlumianski the Chopper (Gnoll Cinder Acolyte)       Turns: 2708, Time: 00:11:34

Health: -11/53     AC:  6    Str: 13    XL:     6   Next: 64%
Magic:  5/11       EV: 12    Int: 15    God:    Ignis [*****.]
Gold:   109        SH:  0    Dex:  8    Spells: 10/12 levels left

rFire   + . .        a - -1 hand axe (flame)
rCold   . . .        (no shield)
rNeg    + . .        b - +0 robe
rPois   .            p - +0 helmet
rElec   .            j - +2 cloak
rCorr   .            (no gloves)
SInv    .            (no boots)
Will    +....        (no amulet)
Stlth   ++           h - ring of positive energy
HPRegen 0.28/turn    v - ring of willpower
MPRegen 0.12/turn

%: no passive effects
@: no status effects
A: fangs 1, strong nose, distributed training
a: Renounce Religion, Fiery Armour, Foxfire Swarm, Rising Flame


You were on level 3 of the Dungeon.
You worshipped Ignis.
Ignis was extremely pleased with you.
You visited 1 branch of the dungeon, and saw 4 of its levels.

You collected 109 gold pieces.

Inventory:

Hand Weapons
 a - a -1 hand axe of flaming (weapon)
 l - a +0 dagger of venom
Missiles
 c - 40 stones (quivered)
Armour
 b - a +0 robe (worn)
 e - a +2 hat
 j - a +2 cloak (worn)
 p - a +0 helmet (worn)
 t - a scarf of harm
Jewellery
 h - a ring of positive energy (left hand)
 v - a ring of willpower (right hand)
Talismans
 w - a maw talisman
Scrolls
 d - a scroll of vulnerability
 f - a scroll of teleportation
 i - 2 scrolls of noise {unknown}
 k - a scroll of poison
 r - a scroll of enchant armour
 u - a scroll of amnesia {unknown}
Potions
 g - a potion of mutation
 m - a potion of might
 n - 2 potions of ambrosia
 o - 2 potions of degeneration
 q - 2 potions of curing
 s - a potion of brilliance


   Skills:
 + Level 6.9 Fighting
 + Level 2.1 Short Blades
 + Level 2.1 Long Blades
 + Level 6.9 Axes
 + Level 2.1 Maces & Flails
 + Level 2.1 Polearms
 + Level 2.1 Staves
 + Level 2.1 Ranged Weapons
 + Level 2.1 Throwing
 + Level 2.1 Armour
 + Level 2.1 Dodging
 + Level 2.1 Stealth
 + Level 2.1 Shields
 + Level 2.1 Unarmed Combat
 + Level 3.5 Spellcasting
 + Level 1.6 Conjurations
 + Level 1.6 Hexes
 + Level 1.6 Summonings
 + Level 1.6 Necromancy
 + Level 1.6 Translocations
 + Level 1.6 Transmutations
 + Level 5.7 Fire Magic
 + Level 1.6 Ice Magic
 + Level 1.6 Air Magic
 + Level 1.6 Earth Magic
 + Level 1.6 Poison Magic
 + Level 2.3 Invocations
 + Level 2.1 Evocations
 + Level 1.9 Shapeshifting


You had 10 spell levels left.
You knew the following spells:

 Your Spells              Type           Power      Damage    Failure   Level
a - Scorch                Fire           38%        2d6       2%          2

Your spell library contained the following spells:

 Spells                   Type           Power      Damage    Failure   Level
 Magic Dart               Conj           28%        1d4       10%         1
 Inner Flame              Hex/Fire       13%        N/A       13%         3
 Volatile Blastmotes      Fire/Tloc      26%        2d12      13%         3
 Searing Ray              Conj           14%        2d5       14%         2
 Fulminant Prism          Conj/Hex       3%         3d5       67%         4
 Iskenderun's Mystic Bla  Conj/Tloc      7%         2d4       67%         4
 Yara's Violent Unravell  Hex/Tmut       3%         3d4       95%         5
 Enfeeble                 Hex            3%         N/A       100%        7


Dungeon Overview and Level Annotations

Branches:
Dungeon (4/15)
 Temple: D:4-7

Altars:
The Shining One

Shops:
D:4 =


Innate Abilities, Weirdness & Mutations

You have very sharp teeth.
Your uncanny sense of smell can sniff out nearby items.
Your experience applies equally to all skills.


Message History

a +0 whip; an orc corpse A giant cockroach comes into view.
The giant cockroach moves out of view.
You closely miss the giant cockroach. The giant cockroach misses you.
You slash the giant cockroach! You burn the giant cockroach.
You kill the giant cockroach!
You see here a giant cockroach corpse.
There is an escape hatch in the floor here.
c - 40 stones (gained 8)
You see here a +0 robe.
Done exploring.
What level of the Dungeon? (default 4, ? - help)
You see here a +0 robe.
There is a stone staircase leading down here.
You climb downwards.
The orc warrior hits you with a +2 heavy scimitar.
There is a stone staircase leading up here.
The orc warrior hits you with a +2 heavy scimitar!!
The orc priest looks encouraged for a moment.
The orc shouts!
You climb upwards.
There is a stone staircase leading down here.
Casting: Scorch (safe; 2% risk of failure)
Confirm with . or Enter, or press ? or * to list all spells.
Flames lash the orc warrior.
The orc warrior is lightly wounded.
The orc warrior's fire resistance burns away.
The orc warrior hits you with a +2 heavy scimitar.
Casting: Scorch (safe; 2% risk of failure)
Confirm with . or Enter, or press ? or * to list all spells.
Flames lash the orc warrior.
The orc warrior is burned terribly!
The orc warrior is moderately wounded.
Casting: Scorch (safe; 2% risk of failure)
Confirm with . or Enter, or press ? or * to list all spells.
Flames lash the orc warrior but do no damage.
The orc warrior hits you with a +2 heavy scimitar!!
* * * LOW HITPOINT WARNING * * *
You feel better.
The orc warrior hits you with a +2 heavy scimitar!!
You die...

#.###...##.#.......##.##
###.#.##
#.##.....#.####.####...######.##
#.###....#.......# #.#.....##.#
#.# #..#.######..#
#...###.##.### #.#
#..#.######..# ##### #.##....
#.# #............# #.###### #.#
#..#.#######.#########.# #.#
##.#.# #####o..........######
#.# #.#.# #...)@##########......
#.# #.#.# #.###.###........####.
#.# #.#.###.###.........#### #.
#.# #.#.........###.###.# #. #.#
#.............#.# #.# #. #)#
#######.###.#.#.# #.# #. #.# #.#
#.....###.### #. #.# #.#
#.#.........###### #.# ### #.#
#.#######.#...<...


You could see an orc warrior (combustible).

Vanquished Creatures
  Grinder (D:3)
  A hound (D:3)
  Robin (D:3)
  2 adders (D:2)
  2 worms (D:2)
  5 dart slugs
  4 orcs
  3 bats (D:1)
  3 endoplasms
  3 giant cockroaches
  15 goblins
  9 hobgoblins
  3 jackals (D:3)
  2 quokkas
  7 ball pythons
  4 frilled lizards
  4 kobolds (D:1)
  5 rats
74 creatures vanquished.

Notes
Turn   | Place    | Note
-------+----------+-------------------------------------------
     0 | D:1      | jlumianski the Gnoll Cinder Acolyte began the quest for the
                  | Orb.
     0 | D:1      | Reached XP level 1. HP: 23/23 MP: 4/4
    39 | D:1      | Reached XP level 2. HP: 9/29 MP: 5/5
   178 | D:1      | Learned a level 2 spell: Scorch
   365 | D:1      | Reached XP level 3. HP: 33/35 MP: 4/7
   833 | D:2      | Reached skill level 1 in Invocations
   880 | D:2      | Reached skill level 1 in Short Blades
   880 | D:2      | Reached skill level 1 in Long Blades
   880 | D:2      | Reached skill level 1 in Maces & Flails
   880 | D:2      | Reached skill level 1 in Polearms
   880 | D:2      | Reached skill level 1 in Staves
   880 | D:2      | Reached skill level 1 in Ranged Weapons
   880 | D:2      | Reached skill level 1 in Throwing
   880 | D:2      | Reached skill level 1 in Armour
   880 | D:2      | Reached skill level 1 in Dodging
   880 | D:2      | Reached skill level 1 in Stealth
   880 | D:2      | Reached skill level 1 in Shields
   880 | D:2      | Reached skill level 1 in Unarmed Combat
   880 | D:2      | Reached skill level 1 in Evocations
  1056 | D:2      | Found a glowing golden altar of the Shining One.
  1066 | D:2      | Reached XP level 4. HP: 40/41 MP: 8/8
  1097 | D:2      | Found a faded altar of an unknown god.
  1104 | D:2      | Noticed Robin
  1107 | D:2      | Reached skill level 1 in Shapeshifting
  1146 | D:3      | Killed Robin
  1265 | D:2      | Reached skill level 1 in Conjurations
  1265 | D:2      | Reached skill level 1 in Hexes
  1265 | D:2      | Reached skill level 1 in Summonings
  1265 | D:2      | Reached skill level 1 in Necromancy
  1265 | D:2      | Reached skill level 1 in Translocations
  1265 | D:2      | Reached skill level 1 in Transmutations
  1265 | D:2      | Reached skill level 1 in Ice Magic
  1265 | D:2      | Reached skill level 1 in Air Magic
  1265 | D:2      | Reached skill level 1 in Earth Magic
  1265 | D:2      | Reached skill level 1 in Poison Magic
  1687 | D:3      | Reached XP level 5. HP: 29/47 MP: 1/9
  1959 | D:3      | Noticed Grinder
  1975 | D:3      | Killed Grinder
  1976 | D:3      | Reached XP level 6. HP: 22/53 MP: 2/11
  2327 | D:4      | Found Caoj's Jewellery Boutique.
  2526 | D:4      | Noticed an orc warrior
  2708 | D:3      | Mangled by an orc warrior

Illustrated notes

Levels and vault maps discovered:
D:1:      grunt_arrival_lava_bath, layout_rooms
D:2:      layout_rooms, basic_altar,
          dreamdust_ecumenical_altar_angels_and_demons, uniq_robin
D:3:      layout_loops_ring, st_stairs_5, uniq_grinder
D:4:      layout_basic, lemuel_round_altar, minmay_temple_entry_nine_rooms,
          serial_shops, shop

Skill      XL: |  1  2  3  4  5 |
---------------+----------------+-----
Invocations    | 1 2 |  2.3
Short Blades   | 1 2 |  2.1
Long Blades    | 1 2 |  2.1
Maces & Flails | 1 2 |  2.1
Polearms       | 1 2 |  2.1
Staves         | 1 2 |  2.1
Ranged Weapons | 1 2 |  2.1
Throwing       | 1 2 |  2.1
Armour         | 1 2 |  2.1
Dodging        | 1 2 |  2.1
Stealth        | 1 2 |  2.1
Shields        | 1 2 |  2.1
Unarmed Combat | 1 2 |  2.1
Evocations     | 1 2 |  2.1
Shapeshifting  | 1 |  1.9
Spellcasting   | 3 |  3.5
Conjurations   | 1 |  1.6
Hexes          | 1 |  1.6
Summonings     | 1 |  1.6
Necromancy     | 1 |  1.6
Translocations | 1 |  1.6
Transmutations | 1 |  1.6
Ice Magic      | 1 |  1.6
Air Magic      | 1 |  1.6
Earth Magic    | 1 |  1.6
Poison Magic   | 1 |  1.6
Fighting       | |  6.9
Axes           | |  6.9
Fire Magic     | |  5.7

Action                     |  1- 3 |  4- 6 || total
---------------------------+-------+-------++-------
  Melee: Hand axe          |   108 |   105 ||   213
         Bite              |    10 |    12 ||    22
         Punch             |     3 |     1 ||     4
  Throw: Stone             |       |     1 ||     1
   Cast: Scorch            |     5 |    16 ||    21
    Use: Scroll            |     4 |     4 ||     8
         Potion            |     1 |     2 ||     3
 Armour: Robe              |    71 |    81 ||   152
  Dodge: Dodged            |    63 |    53 ||   116

Table legend: (Time is in decaauts)
 A = Elapsed time spent in this place.
 B = Non-inter-level travel time spent in this place.
 C = Inter-level travel time spent in this place.
 D = Time resting spent in this place.
 E = Time spent auto-exploring this place.
 F = Levels seen in this place.
 G = Mean time per level.
                   A        B        C        D        E       F      G
               +--------+--------+--------+--------+--------+-----+--------+
         Total |   2705 |   2580 |    125 |    223 |   1215 |   4 |  676.2 |
       Dungeon |   2705 |   2580 |    125 |    223 |   1215 |   4 |  676.2 |
               +--------+--------+--------+--------+--------+-----+--------+

Top non-repeatable levels by time:
     D:3: 1058 daAuts
     D:1: 765 daAuts
     D:2: 742 daAuts
     D:4: 138 daAuts
